 Dungeon Crawl Stone Soup version 0.29-a0-221-gceb61267dd (webtiles) character file.

Game seed: 16694154339214503252

355 Inarius the Chopper (level 6, -2/47 HPs)
             Began as a Demonspawn Fighter on Feb 26, 2022.
             Was a Follower of Nemelex Xobeh.
             Slain by a scorpion (5 damage)
             ... on level 5 of the Dungeon.
             The game lasted 00:04:21 (3881 turns).

Inarius the Chopper (Demonspawn Fighter)            Turns: 3881, Time: 00:04:22

Health: -2/47      AC: 16    Str: 18    XL:     6   Next: 36%
Magic:  7/7        EV:  6    Int: 10    God:    Nemelex Xobeh [*.....]
Gold:   259        SH:  0    Dex: 12    Spells: 5/5 levels left

rFire   . . .      SeeInvis .   a - +0 war axe
rCold   . . .      Faith    .   c - +0 buckler
rNeg    . . .      Spirit   .   m - +0 chain mail
rPois   .          Reflect  .   p - +0 helmet
rElec   .          Harm     .   (no cloak)
rCorr   .          Rampage  .   (no gloves)
Will    +....                   (no boots)
Stlth   ..........              f - amulet of the acrobat
HPRegen 0.15/turn               x - ring of willpower
MPRegen 0.20/turn               (no ring)

@: confused, brilliant, lethally poisoned (-2 -> -12), ambrosia-drunk, sanguine
armoured, hasted, very quick
A: magic regeneration, sanguine armour 1, weakness stinger 1
a: Renounce Religion, Draw Escape, Draw Destruction, Draw Summoning


You were on level 5 of the Dungeon.
You worshipped Nemelex Xobeh.
Nemelex Xobeh was aware of your devotion.
You visited 1 branch of the dungeon, and saw 5 of its levels.

You collected 283 gold pieces.
You spent 24 gold pieces at shops.

Inventory:

Hand Weapons
 a - a +0 war axe (weapon)
 t - a +4 vampiric short sword
Armour
 c - a +0 buckler (worn)
 m - a +0 chain mail (worn)
 p - a +0 helmet (worn)
Jewellery
 f - an amulet of the acrobat (around neck)
 x - a ring of willpower (left hand)
Scrolls
 g - 3 scrolls of teleportation
 h - a scroll of amnesia {unknown}
 i - 3 scrolls of fear
 k - a scroll of torment {unknown}
 n - a scroll of magic mapping {unknown}
 r - a scroll of enchant armour {unknown}
 s - 2 scrolls of immolation {unknown}
 v - a scroll of fog {unknown}
 w - 2 scrolls of silence {unknown}
 y - a scroll of vulnerability {unknown}
 A - a scroll of identify
Potions
 d - a potion of might
 e - a potion of curing {unknown}
 l - a potion of haste
 o - a potion of heal wounds {unknown}
 q - a potion of degeneration {unknown}
 u - a potion of attraction {unknown}
 z - a potion of berserk rage {unknown}


   Skills:
 + Level 3.5 Fighting
 * Level 4.9 Axes
 + Level 3.6 Armour
 + Level 3.1 Shields
 * Level 1.6 Invocations


You had 5 spell levels left.
You didn't know any spells.
Your spell library contained the following spells:

 Spells                   Type           Power      Damage    Failure   Level
 Magic Dart               Conj           0%         1d3       100%        1
 Sandblast                Erth           0%         2d4       100%        1
 Passwall                 Tmut/Erth      0%         N/A       100%        2
 Searing Ray              Conj           0%         2d4       100%        2
 Stone Arrow              Conj/Erth      0%         3d7       100%        3
 Fulminant Prism          Conj/Hex       0%         3d6       100%        4


Dungeon Overview and Level Annotations

Branches:
Dungeon (5/15)             Temple (0/1) D:4

Altars:
Nemelex Xobeh

Shops:
D:2 ?


Innate Abilities, Weirdness & Mutations

You regenerate magic rapidly.
When seriously injured, your blood forms armour. (AC +6)
You have a small tail.


Message History

The scorpion closely misses you.
You barely miss the phantom.
The phantom is severely damaged.
You barely miss the scorpion.
The phantom hits you but does no damage.
The scorpion stings you but does no damage.
You barely miss the phantom.
The phantom is severely damaged.
You hit the scorpion but do no damage. The scorpion stings you.
You are poisoned.
The scorpion poisons you!
The phantom hits you but does no damage.
The scorpion barely misses you. The phantom hits you.
You feel yourself speed up.
You feel sick. The scorpion stings you.
* * * LOW HITPOINT WARNING * * *
You are lethally poisoned!
The scorpion poisons you!
The phantom hits you but does no damage.
* * * LOW HITPOINT WARNING * * *
You feel very sick. The scorpion completely misses you.
You see here a jackal corpse.
It was a potion of ambrosia.
You are confused.
You feel invigorated.
* * * LOW HITPOINT WARNING * * *
You feel sick.
The scorpion stings you but does no damage.
Okay, then.
Unknown command.
* * * LOW HITPOINT WARNING * * *
You feel sick.
It was a potion of brilliance.
You feel clever all of a sudden.
* * * LOW HITPOINT WARNING * * *
You feel sick. The phantom hits you.
* * * LOW HITPOINT WARNING * * *
The phantom blinks!
You blink.
The scorpion stings you.
You die...
Your body glows slightly and disappears.

###### ....#
####...#####
.....#..... #....#
#@§§# #Ws†# ..
#####...###....
...............
#####..###
########...##
............####.#
####..>...<......#
#.##.....######


You could see a phantom and a scorpion.

Vanquished Creatures
  A vampire bat (D:3)
  A hound (D:3)
  2 iguanas (D:4)
  An orc wizard (D:4)
  5 adders
  3 dart slugs
  3 fire bats (D:3)
  3 orcs (D:4)
  2 spectral bats (D:3)
  13 bats
  3 bat skeletons (D:3)
  A bat zombie (D:3)
  3 endoplasms
  3 giant cockroaches
  6 goblins
  5 hobgoblins
  9 jackals
  10 kobolds
  2 quokkas
  5 ball pythons
  A bat simulacrum (D:3)
  A frilled lizard (D:1)
  5 rats
88 creatures vanquished.

Notes
Turn   | Place    | Note
-------+----------+-------------------------------------------
     0 | D:1      | Inarius the Demonspawn Fighter began the quest for the Orb.
     0 | D:1      | Reached XP level 1. HP: 18/18 MP: 1/1
   380 | D:1      | Reached skill level 2 in Axes
   462 | D:1      | Gained mutation: You have a small tail. [demonic ancestry]
   462 | D:1      | Reached XP level 2. HP: 24/24 MP: 2/2
   720 | D:1      | Found a faded altar of an unknown god.
   836 | D:2      | Found a sparkling altar of Nemelex Xobeh.
   914 | D:2      | Became a worshipper of Nemelex Xobeh the Trickster
   998 | D:2      | Identified the amulet of Ycaffulo {RegenMP +Blink rF-
                  | Int+3}
  1022 | D:2      | Found Zageluaw's Magic Scroll Boutique.
  1028 | D:2      | Bought a scroll of identify for 24 gold pieces
  1156 | D:2      | Gained mutation: When seriously injured, your blood forms
                  | armour. (AC +6) [demonic ancestry]
  1156 | D:2      | Reached XP level 3. HP: 29/29 MP: 3/3
  1586 | D:2      | Reached skill level 3 in Axes
  1872 | D:3      | Reached XP level 4. HP: 20/35 MP: 4/4
  2191 | D:3      | Reached * piety under Nemelex Xobeh
  2770 | D:3      | Received a gift from Nemelex Xobeh
  2793 | D:3      | Gained mutation: You regenerate magic rapidly. [demonic
                  | ancestry]
  2793 | D:3      | Reached XP level 5. HP: 41/41 MP: 5/5
  2814 | D:3      | Reached skill level 4 in Axes
  2841 | D:3      | Reached skill level 1 in Invocations
  3005 | D:4      | Reached XP level 6. HP: 46/47 MP: 5/7
  3505 | D:4      | Found a staircase to the Ecumenical Temple.
  3861 | D:5      | Entered Level 5 of the Dungeon
  3881 | D:5      | Slain by a scorpion

Illustrated notes

Levels and vault maps discovered:
D:1:      saegor_arrival_simple_d, layout_loops_ring,
          chequers_ecumenical_altar_twisty
D:2:      layout_basic, basic_altar, serial_shops, shop,
          kennysheep_generic_room_10
D:3:      layout_basic, goddamned_bats
D:4:      layout_loops_ring, temple_doors_ab
D:5:      layout_loops_ring, uniq_blork_the_orc

Skill      XL: |  1  2  3  4  5 |
---------------+----------------+-----
Axes           | 2 3 4 |  4.9
Armour         | 3 |  3.6
Shields        | 3 |  3.1
Invocations    | 1 |  1.6
Fighting       | |  3.5

Action                   |  1- 3 |  4- 6 || total
-------------------------+-------+-------++-------
Melee: War axe           |   101 |   140 ||   241
       Tailslap          |     7 |    18 ||    25
  Use: Scroll            |     3 |       ||     3
       Potion            |       |     3 ||     3
Armor: Scale mail        |    24 |       ||    24
       Chain mail        |    72 |    98 ||   170
Dodge: Dodged            |    41 |    96 ||   137
Block: Buckler           |    24 |    46 ||    70

Table legend: (Time is in decaauts)
 A = Elapsed time spent in this place.
 B = Non-inter-level travel time spent in this place.
 C = Inter-level travel time spent in this place.
 D = Time resting spent in this place.
 E = Time spent auto-exploring this place.
 F = Levels seen in this place.
 G = Mean time per level.
                   A        B        C        D        E       F      G
               +--------+--------+--------+--------+--------+-----+--------+
         Total |   3970 |   3787 |    183 |    223 |   2887 |   5 |  794.0 |
       Dungeon |   3970 |   3787 |    183 |    223 |   2887 |   5 |  794.0 |
               +--------+--------+--------+--------+--------+-----+--------+

Top non-repeatable levels by time:
     D:3: 1139 daAuts
     D:2: 1088 daAuts
     D:4: 923 daAuts
     D:1: 796 daAuts
     D:5: 22 daAuts
